 Seeded DCSS version 0.28-a0-1080-g05a166d0ed (webtiles) character file.

Game seed: 3527403583651477610 (custom seed)

99743 croobank the Thaumaturge (level 16, -7/166 HPs)
             Began as a Gnoll Earth Elementalist on Dec 9, 2021.
             Was a High Priest of Hepliaklqana.
             Mangled by an Executioner (18 damage)
             ... on level 2 of the Abyss on Dec 10, 2021.
             The game lasted 06:21:00 (35855 turns).

croobank the Thaumaturge (GnEE)                    Turns: 35855, Time: 06:21:01

Health: -7/166     AC: 24    Str: 13    XL:     16   Next: 25%
Magic:  23/31      EV: 13    Int: 16    God:    Hepliaklqana [*****.]
Gold:   2219       SH:  9    Dex: 14    Spells: 3/38 levels left

rFire   + + +      SeeInvis .   a - +3 Elemental Staff {rElec rF++ rC++ AC+5}
rCold   + . .      Faith    .   Y - +2 buckler
rNeg    . . .      Spirit   .   O - +0 fire dragon scales
rPois   +          Reflect  .   v - +0 hat {Will+}
rElec   +          Harm     .   J - +0 cloak {rCorr}
rCorr   +          Rampage  .   R - +1 pair of gloves {Stlth+}
Will    ++...                   S - +2 pair of boots
Stlth   ..........              C - amulet of regeneration
HPRegen 0.00/turn               x - ring of resist corrosion
MPRegen 0.22/turn               Q - ring of poison resistance

@: berserking, silenced, sick, very quick
A: reduced essence, fangs 1, strong nose, distributed training
a: Renounce Religion


You were on level 2 of the Abyss.
You worshipped Hepliaklqana.
Hepliaklqana was extremely pleased with you.
You visited 4 branches of the dungeon, and saw 24 of its levels.
You visited the Abyss 1 time.

You collected 2909 gold pieces.
You spent 690 gold pieces at shops.

Inventory:

Hand Weapons
 a - the +3 Elemental Staff (weapon) {rElec rF++ rC++ AC+5}
   (You found it on level 4 of the Dungeon)

   If the wielder is skilled in Evocations, they can discharge powerful blasts
   of elemental energy when striking with it.
   It enhances your fire, ice, earth and air magic.
   AC:        It affects your AC (+5).
   rF:        It greatly protects you from fire.
   rC:        It greatly protects you from cold.
   rElec:     It insulates you from electricity.
 b - a +0 vorpal hunting sling
 g - a +0 falchion of holy wrath
 q - a +8 eveningstar of protection
 y - a +2 war axe of flaming
 B - a +3 antimagic short sword
Missiles
 c - 610 stones
 n - 20 javelins (quivered)
 r - 171 sling bullets
 t - 6 curare-tipped darts
 T - 2 silver boomerangs
Armour
 v - a +0 hat of willpower (worn)
 J - a +0 cloak of preservation (worn)
 O - +0 fire dragon scales (worn)
 R - a +1 pair of gloves of stealth (worn)
 S - a +2 pair of boots (worn)
 U - +5 steam dragon scales
 Y - a +2 buckler (worn)
Jewellery
 l - a ring of fire
 m - a +4 ring of protection
 u - a ring of ice
 x - a ring of resist corrosion (left hand)
 C - an amulet of regeneration (around neck)
 E - a ring of positive energy
 M - a ring of protection from cold
 N - a ring of wizardry
 Q - a ring of poison resistance (right hand)
 W - the ring of Vodu {rElec rC- MP+9 Str+6 Stlth+}
   (You took it off a wight on level 6 of the Dungeon)

   [ring of magical power]

   Str:       It affects your strength (+6).
   rC:        It makes you vulnerable to cold.
   rElec:     It insulates you from electricity.
   MP:        It affects your magic capacity (+9).
   Stlth:     It makes you more stealthy.
Wands
 o - a wand of mindburst (11)
 s - a wand of charming (4)
 L - a wand of acid (15)
 X - a wand of flame (4)
Scrolls
 e - a scroll of teleportation
 f - 5 scrolls of fog {fog, unknown}
 h - 9 scrolls of identify
 w - 5 scrolls of immolation {immolation, unknown}
 H - a scroll of summoning
 P - a scroll of magic mapping {magic mapping}
Potions
 i - a potion of resistance
 j - 3 potions of lignification
 k - 2 potions of flight {flight, unknown}
 z - 4 potions of brilliance {brilliance, unknown}
 A - 5 potions of curing
 D - 3 potions of ambrosia {ambrosia, unknown}


   Skills:
 + Level 10.8 Fighting
 + Level 10.8 Short Blades
 + Level 10.8 Long Blades
 + Level 10.8 Axes
 + Level 10.8 Maces & Flails
 + Level 10.8 Polearms
 + Level 10.8 Staves
 + Level 10.8 Slings
 + Level 10.8 Bows
 + Level 10.8 Crossbows
 + Level 10.8 Throwing
 + Level 10.8 Armour
 + Level 11.7 Dodging
 + Level 11.5 Stealth
 + Level 10.8 Shields
 + Level 10.8 Unarmed Combat
 + Level 11.8 Spellcasting
 + Level 9.0 Conjurations
 + Level 9.0 Hexes
 + Level 9.0 Summonings
 + Level 9.0 Necromancy
 + Level 9.0 Translocations
 + Level 9.3 Transmutations
 + Level 9.0 Fire Magic
 + Level 9.0 Ice Magic
 + Level 9.0 Air Magic
 + Level 10.6 Earth Magic
 + Level 9.0 Poison Magic
 + Level 11.7 Invocations
 + Level 10.8 Evocations


You had 3 spell levels left.
You knew the following spells:

 Your Spells              Type           Power      Damage    Failure   Level
a - Sandblast             Erth           100%       2d20      1%          1
b - Stone Arrow           Conj/Erth      100%       3d13      1%          3
c - Petrify               Tmut/Erth      58%        N/A       5%          4
d - Passage of Golubria   Tloc           38%        N/A       8%          4
e - Tukima's Dance        Hex            38%        N/A       2%          3
f - Yara's Violent Unrav  Hex/Tmut       19%        3d9       21%         5
g - Cause Fear            Hex            19%        N/A       8%          4
h - Manifold Assault      Tloc           38%        N/A       22%         5
i - Statue Form           Tmut/Erth      38%        N/A       63%         6

Your spell library contained the following spells:

 Spells                   Type           Power      Damage    Failure   Level
 Apportation              Tloc           76%        N/A       1%          1
 Beastly Appendage        Tmut           78%        N/A       1%          1
 Sting                    Tmut/Pois      100%       1d8       1%          1
 Blink                    Tloc           76%        N/A       1%          2
 Corpse Rot               Necr/Air       100%       N/A       1%          2
 Passwall                 Tmut/Erth      48%        N/A       1%          2
 Poisonous Vapours        Pois/Air       100%       N/A       1%          2
 Wereblood                Tmut           39%        N/A       1%          2
 Gell's Gravitas          Tloc           38%        N/A       2%          3
 Inner Flame              Hex/Fire       55%        N/A       2%          3
 Lesser Beckoning         Tloc           38%        N/A       2%          3
 Spider Form              Tmut/Pois      39%        N/A       2%          3
 Teleport Other           Tloc           38%        N/A       2%          3
 Dispel Undead            Necr           38%        3d16      8%          4
 Olgreb's Toxic Radiance  Pois           38%        N/A       8%          4
 Alistair's Intoxication  Tmut/Pois      26%        N/A       21%         5
 Metabolic Englaciation   Hex/Ice        27%        N/A       22%         5
 Death Channel            Necr           19%        N/A       77%         6
 Storm Form               Tmut/Air       27%        N/A       99%         7
 Discord                  Hex            19%        N/A       100%        8


Dungeon Overview and Level Annotations

Branches:
Dungeon (15/15)            Temple (1/1) D:4            Lair (6/6) D:10
 Shoals (0/4) Lair:2       Spider (0/4) Lair:2        Slime (0/5) Lair:6
    Orc (2/2) D:12            Elf (0/3) Orc:2        Vaults (0/5) D:14
 Depths: D:15

Altars:
Ashenzari
Cheibriados
Dithmenos
Gozag
Hepliaklqana
Kikubaaqudgha
Makhleb
Nemelex Xobeh
Okawaru
Qazlal
Ru
Trog
Uskayaw
Vehumet
Xom
The Shining One
Beogh
Jiyva

Shops:
D:1 *   D:5 (   D:6 [   D:8 !*   D:9 *   D:12 !   Orc:2 !=[*

Annotations:
D:3 3 runed translucent doors, mainiacjoe's ghost, amateur MfMo
D:4 3 runed translucent doors, ryw's ghost, amateur KoIE
Lair:2 2 transporters, spaghetti's ghost, novice PaFi
Lair:6 1 runed translucent door


Innate Abilities, Weirdness & Mutations

Your life essence is reduced to manifest your ancestor. (-10% HP)
You have very sharp teeth.
Your uncanny sense of smell can sniff out nearby items.
Your experience applies equally to all skills.


Message History

The ufetubus hits you but does no damage.
The Executioner completely misses you.
The Executioner hits you but does no damage. x2
You feel yourself slow down. The Executioner hits you!
You block the Executioner's attack. The Executioner misses you.
A starcursed mass splits.
The Executioner hits you! You block the Executioner's attack.
The Executioner hits you but does no damage.
The Executioner hits you!
* * * LOW HITPOINT WARNING * * *
The Executioner hits you but does no damage.
You block the Executioner's attack.
A starcursed mass splits.
The ufetubus misses you. The ufetubus closely misses you.
The Executioner hits you but does no damage. x2
The Executioner hits you.
* * * LOW HITPOINT WARNING * * *
You cannot cast spells when silenced!
Okay, then.
Okay, then.
Press: ? - help, v - describe, . - travel
Here: an Executioner (silenced, fast)
The floor, spattered with blood.
A red film seems to cover your vision as you go berserk!
You feel yourself moving faster!
You feel mighty! The Executioner misses you.
The Executioner hits you but does no damage. x2
The Executioner barely misses you. You block the Executioner's attack.
The Executioner closely misses you. The ufetubus misses you.
The ufetubus closely misses you.
A starcursed mass splits.
A chorus of shrieks assaults your mind.
* * * LOW HITPOINT WARNING * * *
The Executioner hits you.
* * * LOW HITPOINT WARNING * * *
The Executioner hits you but does no damage.
The Executioner barely misses you.
You hit the starcursed mass but do no damage.
You bite the starcursed mass, but do no damage.
The ufetubus completely misses you.
The ufetubus hits you but does no damage.
The Executioner hits you!!
You die...

...# ...###...#
...#.....#....
..XX.X
..............E.....
.. .............e∆.
.................
#.....#.... #....
##...## ...###. #
#.5...#..x.. ....
#@1X.#.# )#### . #
#.XX#XD..###.§###. #
#.∩#..#...x#§.E.. #
##...####.....#:#
#...# #. .###E# .#..
. ..###.# ...#
#..#####...# ### .#.
.#X#.# ..#.. .....?#


You could see a bone dragon, 4 starcursed masses, an Executioner (fast), an
ancient zyme and an ufetubus.

Vanquished Creatures
  Gastronok (Lair:3)
  A dire elephant (Lair:6)
  Snorg (Lair:6)
  A rakshasa (D:13)
  An ice dragon (Lair:5)
  11 hydras
  Erolcha (D:13)
  A boulder beetle (D:13)
  A death knight (D:14)
  4 centaur warriors
  3 two-headed ogres
  7 death yaks
  4 orc high priests
  4 skeletal warriors (D:14)
  A deep elf pyromancer (D:14)
  5 orc knights
  2 lindwurms (Lair:6)
  A deep elf zephyrmancer (D:15)
  2 orc sorcerers (Orc:2)
  4 cyclopes
  A manticore (D:12)
  An ugly thing (D:9)
  5 elephants
  A rust devil (Abyss:2)
  5 black mambas
  11 cane toads
  A freezing wraith (D:14)
  Maggie (D:6)
  A gargoyle (D:13)
  2 centaur skeletons (D:14)
  3 rime drakes
  6 komodo dragons
  An ancient zyme (Abyss:2)
  2 jumping spiders (Lair:2)
  4 trolls
  14 polar bears
  Grinder (D:3)
  2 dream sheep (Lair:3)
  5 blink frogs
  5 slime creatures (D:12)
  5 raiju
  3 shadows
  Eustachio (D:4)
  4 wraiths
  3 redbacks (Lair:2)
  5 wyverns
  2 basilisks
  25 yaks
  A large abomination (Abyss:2)
  6 vampire mosquitoes
  A death yak simulacrum (Lair:5)
  4 wargs
  A hydra simulacrum (Lair:5)
  An acid dragon (D:6)
  Duvessa (D:5)
  12 water moccasins
  10 hell hounds
  A sky beast (D:6)
  9 black bears
  An ice beast (D:5)
  12 orc warriors
  An ogre (shapeshifter) (D:13)
  17 wolves
  A boulder beetle simulacrum (Lair:5)
  3 ogres
  4 boggarts (D:15)
  A necrophage (D:4)
  8 centaurs
  A kobold brigand (D:14)
  2 small abominations (Abyss:2)
  10 bullfrogs
  A gnoll sergeant (D:10)
  A water moccasin zombie (D:6)
  A wyvern zombie (D:9)
  2 scorpions (D:5)
  Dowan (D:5)
  An elephant simulacrum (Lair:5)
  6 killer bees (D:8)
  7 wights (D:6)
  2 howler monkeys (D:10)
  3 electric eels (D:8)
  4 centaur zombies
  2 hounds
  12 orc priests
  Ijyb (D:5)
  Terence (D:3)
  14 orc wizards
  2 iguanas (D:5)
  6 hell rats
  Natasha (twice) (D:3)
  A killer bee zombie (D:8)
  A hound skeleton (D:5)
  A howler monkey zombie (D:6)
  4 adders
  4 gnolls
  A white imp (D:6)
  A worm (D:2)
  2 dart slugs (D:1)
  36 orcs
  3 endoplasms
  4 giant cockroaches
  9 goblins
  9 hobgoblins
  3 jackals (D:1)
  6 quokkas
  6 ball pythons
  7 bats
  2 frilled lizards
  9 kobolds
  9 rats
  A lurking horror (Abyss:2)
472 creatures vanquished.

Vanquished Creatures (collateral kills)
  The ghost of Wanecan the Carver, a journeyman HuBe of Trog (Lair:5)
  Fannar (D:11)
  2 hydras
  3 centaur warriors
  A death yak (Lair:6)
  3 two-headed ogres
  A tengu warrior (D:15)
  2 skeletal warriors (D:14)
  A deep elf archer (D:14)
  3 deep elf pyromancers
  3 orc knights (Orc:2)
  An orc sorcerer (Orc:2)
  3 black mambas
  2 centaur skeletons (D:14)
  2 centaur zombies
  3 elephants
  4 cane toads
  A kobold demonologist (D:14)
  A rime drake (Lair:5)
  3 komodo dragons
  A tengu conjurer (D:15)
  A rime drake (shapeshifter) (D:13)
  An ancient zyme (Abyss:2)
  3 trolls
  A slime creature (D:12)
  6 blink frogs
  Prince Ribbit (D:8)
  2 dream sheep (Lair:3)
  A vampire (D:11)
  4 redbacks (Lair:2)
  13 yaks
  4 basilisks
  A wraith (D:11)
  A wyvern (D:10)
  A death yak simulacrum (Lair:5)
  3 vampire mosquitoes (D:14)
  4 wargs
  An acid dragon (D:10)
  7 hell hounds
  7 water moccasins
  A hydra simulacrum (Lair:5)
  16 orc warriors
  A necrophage (D:6)
  5 black bears
  2 ogres (Orc:1)
  11 wolves
  A boggart (D:15)
  4 centaurs
  3 kobold brigands
  6 bullfrogs
  A wight (D:6)
  A howler monkey (D:10)
  12 orc priests
  An iguana (D:5)
  5 orc wizards
  5 hell rats (Lair:3)
  An adder (D:5)
  An ufetubus (D:6)
  47 orcs
  2 goblins (Orc:1)
  A hobgoblin (D:9)
  2 butterflies (Lair:3)
233 creatures vanquished.

Vanquished Creatures (others)
  17 knights
  6 ancestors
  41 fungi
  80 plants
  2 starspawn tentacles (Abyss:2)
146 creatures vanquished.

Grand Total: 851 creatures vanquished

Notes
Turn   | Place    | Note
-------+----------+-------------------------------------------
     0 | D:1      | croobank the Gnoll Earth Elementalist began the quest for
                  | the Orb.
     0 | D:1      | Reached XP level 1. HP: 13/13 MP: 6/6
   537 | D:3      | Reached XP level 2. HP: 18/19 MP: 3/7
   872 | D:2      | Found a shadowy altar of Dithmenos.
  1032 | D:2      | HP: 1/20 [poisoned by a goblin]
  2086 | D:1      | Found Eheaneh's General Store.
  2096 | D:1      | Reached XP level 3. HP: 25/25 MP: 6/9
  2100 | D:1      | Reached skill level 5 in Spellcasting
  2117 | D:1      | Bought a wand of iceblast (4) for 88 gold pieces
  2368 | D:1      | Reached skill level 1 in Invocations
  2710 | D:1      | Reached skill level 1 in Fighting
  2710 | D:1      | Reached skill level 1 in Short Blades
  2710 | D:1      | Reached skill level 1 in Long Blades
  2710 | D:1      | Reached skill level 1 in Axes
  2710 | D:1      | Reached skill level 1 in Maces & Flails
  2710 | D:1      | Reached skill level 1 in Polearms
  2710 | D:1      | Reached skill level 1 in Staves
  2710 | D:1      | Reached skill level 1 in Slings
  2710 | D:1      | Reached skill level 1 in Bows
  2710 | D:1      | Reached skill level 1 in Crossbows
  2710 | D:1      | Reached skill level 1 in Throwing
  2710 | D:1      | Reached skill level 1 in Armour
  2710 | D:1      | Reached skill level 1 in Shields
  2710 | D:1      | Reached skill level 1 in Unarmed Combat
  2710 | D:1      | Reached skill level 1 in Evocations
  3123 | D:2      | Reached XP level 4. HP: 12/32 MP: 11/11
  3556 | D:3      | Reached skill level 1 in Conjurations
  3556 | D:3      | Reached skill level 1 in Hexes
  3556 | D:3      | Reached skill level 1 in Summonings
  3556 | D:3      | Reached skill level 1 in Necromancy
  3556 | D:3      | Reached skill level 1 in Translocations
  3556 | D:3      | Reached skill level 1 in Fire Magic
  3556 | D:3      | Reached skill level 1 in Ice Magic
  3556 | D:3      | Reached skill level 1 in Air Magic
  3556 | D:3      | Reached skill level 1 in Poison Magic
  3586 | D:3      | Noticed Terence
  3597 | D:3      | Killed Terence
  3598 | D:3      | Reached XP level 5. HP: 18/37 MP: 12/12
  3906 | D:3      | Found a faded altar of an unknown god.
  3983 | D:3      | Learned a level 3 spell: Stone Arrow
  4137 | D:3      | Found a runed translucent gate.
  4137 | D:3      | Found a runed translucent gate.
  4137 | D:3      | Found a runed translucent gate.
  4140 | D:3      | Noticed mainiacjoe's ghost (amateur MfMo)
  4173 | D:3      | Noticed Natasha
  4173 | D:3      | Noticed Grinder
  4177 | D:3      | Killed Natasha
  4195 | D:3      | Killed Grinder
  4196 | D:3      | Reached skill level 5 in Dodging
  4196 | D:3      | Reached XP level 6. HP: 34/44 MP: 12/14
  4609 | D:3      | Noticed Natasha
  4612 | D:3      | Killed Natasha
  4668 | D:4      | Found the +3 Elemental Staff {rElec rF++ rC++ AC+5}
  4826 | D:4      | Noticed Eustachio
  4913 | D:4      | Noticed a necrophage
  4926 | D:4      | Killed a necrophage
  4927 | D:4      | Reached XP level 7. HP: 42/51 MP: 11/15
  5010 | D:4      | Found a runed translucent gate.
  5010 | D:4      | Found a runed translucent gate.
  5013 | D:4      | Found a runed translucent gate.
  5014 | D:4      | Noticed ryw's ghost (amateur KoIE)
  5078 | D:5      | Entered Level 5 of the Dungeon
  5078 | D:5      | Found Eniorohacs's Weapon Boutique.
  5232 | D:4      | Killed Eustachio
  5233 | D:4      | Reached skill level 5 in Stealth
  5371 | D:4      | Found a staircase to the Ecumenical Temple.
  5380 | Temple   | Entered the Ecumenical Temple
  5430 | Temple   | Became a worshipper of Hepliaklqana the Forgotten
  6159 | D:5      | Reached XP level 8. HP: 51/57 MP: 13/16
  6252 | D:5      | Identified the +0 leather armour of the Game Afoot {Drain
                  | rC+ Str+7}
  6349 | D:5      | Learned a level 4 spell: Petrify
  6389 | D:5      | Noticed Dowan
  6392 | D:5      | Noticed Duvessa
  6393 | D:5      | Killed Dowan
  6413 | D:5      | Killed Duvessa
  6927 | D:5      | Reached * piety under Hepliaklqana
  7115 | D:5      | Noticed Ijyb
  7128 | D:5      | Killed Ijyb
  7309 | D:6      | Noticed Maggie
  7320 | D:6      | HP: 1/52 [acid dragon/splash of acid (15)]
  7350 | D:6      | Killed Maggie
  7354 | D:6      | Reached XP level 9. HP: 21/58 MP: 9/18
  7746 | D:6      | Identified the ring of Vodu {rElec rC- MP+9 Str+6 Stlth+}
  7984 | D:6      | Found Ituwnuog's Antique Armour Shop.
  7993 | D:6      | Bought a pair of runed boots for 150 gold pieces
  8297 | D:6      | Reached skill level 5 in Invocations
  8509 | D:6      | Reached XP level 10. HP: 42/65 MP: 20/20
  9021 | D:7      | Learned a level 4 spell: Passage of Golubria
  9210 | D:7      | Noticed a two-headed ogre
  9226 | D:7      | Killed a two-headed ogre
  9227 | D:7      | Reached skill level 5 in Fighting
  9227 | D:7      | Reached skill level 5 in Short Blades
  9227 | D:7      | Reached skill level 5 in Long Blades
  9227 | D:7      | Reached skill level 5 in Axes
  9227 | D:7      | Reached skill level 5 in Maces & Flails
  9227 | D:7      | Reached skill level 5 in Polearms
  9227 | D:7      | Reached skill level 5 in Staves
  9227 | D:7      | Reached skill level 5 in Slings
  9227 | D:7      | Reached skill level 5 in Bows
  9227 | D:7      | Reached skill level 5 in Crossbows
  9227 | D:7      | Reached skill level 5 in Throwing
  9227 | D:7      | Reached skill level 5 in Armour
  9227 | D:7      | Reached skill level 5 in Shields
  9227 | D:7      | Reached skill level 5 in Unarmed Combat
  9227 | D:7      | Reached skill level 5 in Evocations
  9560 | D:7      | Reached ** piety under Hepliaklqana
  9561 | D:7      | Remembered your ancestor George W Eads as a knight
  9938 | D:7      | Found a hazy altar of Hepliaklqana.
 10121 | D:8      | Found Cucwuk's General Store.
 10127 | D:8      | Bought a wand of iceblast (6) for 100 gold pieces
 10169 | D:8      | Noticed Prince Ribbit
 10188 | D:8      | Killed Prince Ribbit
 10485 | D:8      | Reached skill level 5 in Transmutations
 10497 | D:8      | Found a hide-covered altar of Uskayaw.
 10497 | D:8      | Found a bloodstained altar of Trog.
 10627 | D:8      | Found Hyh Qyne's Distillery.
 10674 | D:8      | Bought a potion of berserk rage for 70 gold pieces
 11025 | D:9      | Noticed a red ugly thing
 11027 | D:9      | Noticed an eight-headed hydra
 11041 | D:9      | Killed an eight-headed hydra
 11045 | D:9      | Killed a red ugly thing
 11364 | D:9      | Reached XP level 11. HP: 72/72 MP: 22/22
 11428 | D:9      | Noticed a two-headed ogre
 11435 | D:9      | Killed a two-headed ogre
 11531 | D:9      | Reached *** piety under Hepliaklqana
 11738 | D:9      | Found a radiant altar of Vehumet.
 11806 | D:9      | Noticed a two-headed ogre
 11819 | D:9      | Killed a two-headed ogre
 11820 | D:9      | Reached skill level 5 in Conjurations
 11820 | D:9      | Reached skill level 5 in Hexes
 11820 | D:9      | Reached skill level 5 in Summonings
 11820 | D:9      | Reached skill level 5 in Necromancy
 11820 | D:9      | Reached skill level 5 in Translocations
 11820 | D:9      | Reached skill level 5 in Fire Magic
 11820 | D:9      | Reached skill level 5 in Ice Magic
 11820 | D:9      | Reached skill level 5 in Air Magic
 11820 | D:9      | Reached skill level 5 in Poison Magic
 11824 | D:9      | Learned a level 3 spell: Tukima's Dance
 12283 | D:9      | Found Futozonn's CLEARANCE SALE!.
 12320 | D:10     | Entered Level 10 of the Dungeon
 12590 | D:10     | Found a staircase to the Lair.
 12700 | D:10     | Learned a level 5 spell: Yara's Violent Unravelling
 12826 | D:10     | Reached **** piety under Hepliaklqana
 13501 | D:11     | Identified a scroll of acquirement
 13501 | D:11     | Acquired a +8 eveningstar of protection
 13663 | D:11     | Noticed Fannar
 13724 | D:11     | Killed Fannar
 14267 | D:11     | Noticed a cyclops
 14293 | D:11     | Killed a cyclops
 14639 | Lair:1   | Entered Level 1 of the Lair of Beasts
 14639 | Lair:1   | Noticed a seven-headed hydra
 14652 | Lair:1   | Killed a seven-headed hydra
 14653 | Lair:1   | Reached XP level 12. HP: 13/80 MP: 24/24
 15071 | Lair:1   | Noticed a four-headed hydra
 15085 | Lair:1   | Killed a four-headed hydra
 15477 | Lair:1   | Learned a level 4 spell: Cause Fear
 15487 | Lair:1   | Reached ***** piety under Hepliaklqana
 15939 | Lair:2   | Found a hole to the Spider Nest.
 16264 | Lair:2   | Found a transporter.
 16721 | Lair:2   | Found a staircase to the Shoals.
 16954 | Lair:2   | Found a transporter.
 17177 | Lair:2   | Noticed spaghetti's ghost (novice PaFi)
 17301 | Lair:2   | Learned a level 5 spell: Manifold Assault
 18432 | Lair:3   | Reached XP level 13. HP: 58/88 MP: 6/26
 19080 | Lair:3   | Noticed Gastronok
 19101 | Lair:3   | Killed Gastronok
 20568 | Lair:5   | Found a runed translucent gate.
 20568 | Lair:5   | Found a runed translucent gate.
 20568 | Lair:5   | Found a runed translucent gate.
 21328 | Lair:5   | Reached skill level 10 in Spellcasting
 21481 | Lair:5   | Reached ****** piety under Hepliaklqana
 21993 | Lair:5   | Reached skill level 10 in Dodging
 22029 | Lair:5   | Noticed an ice dragon
 22226 | Lair:5   | Noticed Wanecan's ghost (journeyman HuBe)
 22290 | Lair:6   | Entered Level 6 of the Lair of Beasts
 22309 | Lair:6   | Reached XP level 14. HP: 78/95 MP: 28/28
 22848 | Lair:6   | Reached skill level 10 in Stealth
 23330 | Lair:6   | Found a runed translucent door.
 23330 | Lair:6   | Found a viscous altar of Jiyva.
 23349 | Lair:6   | Found a staircase to the Slime Pits.
 23575 | Lair:6   | Reached skill level 10 in Invocations
 24867 | Lair:6   | Noticed Snorg
 24900 | Lair:6   | Killed Snorg
 25116 | Lair:6   | Noticed a dire elephant
 25733 | Lair:6   | Killed a dire elephant
 26106 | Lair:5   | Killed Wanecan's ghost
 26517 | D:12     | Reached XP level 15. HP: 103/103 MP: 11/29
 26988 | D:12     | You fall into a shaft and drop 1 floor!
 27247 | D:13     | Reached skill level 10 in Earth Magic
 27850 | D:12     | Found Ysigujan's Distillery.
 27867 | D:12     | Bought a potion of heal wounds for 70 gold pieces
 27867 | D:12     | Bought a potion of berserk rage for 70 gold pieces
 28089 | D:12     | Found a staircase to the Orcish Mines.
 28120 | D:12     | Found a sparkling altar of Nemelex Xobeh.
 28192 | D:12     | Reached skill level 10 in Fighting
 28192 | D:12     | Reached skill level 10 in Short Blades
 28192 | D:12     | Reached skill level 10 in Long Blades
 28192 | D:12     | Reached skill level 10 in Axes
 28192 | D:12     | Reached skill level 10 in Maces & Flails
 28192 | D:12     | Reached skill level 10 in Polearms
 28192 | D:12     | Reached skill level 10 in Staves
 28192 | D:12     | Reached skill level 10 in Slings
 28192 | D:12     | Reached skill level 10 in Bows
 28192 | D:12     | Reached skill level 10 in Crossbows
 28192 | D:12     | Reached skill level 10 in Throwing
 28192 | D:12     | Reached skill level 10 in Armour
 28192 | D:12     | Reached skill level 10 in Shields
 28192 | D:12     | Reached skill level 10 in Unarmed Combat
 28192 | D:12     | Reached skill level 10 in Evocations
 29029 | D:13     | Identified the +2 dagger "Ogreslayer" {freeze, rN+ Dex-3
                  | Stlth+}
 29078 | D:13     | Noticed Erolcha
 29090 | D:13     | Killed Erolcha
 29339 | D:14     | Learned a level 6 spell: Statue Form
 30053 | D:14     | Found a gate to the Vaults.
 31329 | D:15     | Entered Level 15 of the Dungeon
 31433 | Orc:1    | Entered Level 1 of the Orcish Mines
 31815 | Orc:1    | Found a flagged portal.
 32307 | Orc:2    | Entered Level 2 of the Orcish Mines
 32445 | Orc:2    | Found Fyak's Gadget Gallery.
 32605 | Orc:2    | Found a staircase to the Elven Halls.
 33294 | Orc:2    | Reached XP level 16. HP: 85/106 MP: 3/31
 34456 | Orc:2    | Found Yhicliq's Antique Armour Shop.
 34456 | Orc:2    | Found Enequmn's Jewellery Emporium.
 34458 | Orc:2    | Found Kicaveba's Antique Weapon Shop.
 34458 | Orc:2    | Found Jokhleips's Distillery.
 34545 | Orc:2    | Bought a pair of glowing gloves for 142 gold pieces
 35563 | D:15     | Cast into level 2 of the Abyss (a wizard)
 35819 | Abyss:2  | Noticed a tentacled starspawn
 35822 | Abyss:2  | Noticed a bone dragon
 35848 | Abyss:2  | Noticed an Executioner
 35855 | Abyss:2  | Mangled by an Executioner

Illustrated notes

Levels and vault maps discovered:
D:1:      dpeg_arrival_chambers_temple_mockup, layout_loops_ring, serial_shops,
          shop_fountains
D:2:      mumra_celtic_spiral_tile, layout_basic, basic_altar
D:3:      layout_basic, hellmonk_ecumenical_altar_crossroads,
          gammafunk_ghost_split, uniq_terence, uniq_natasha, uniq_grinder
D:4:      layout_basic, temple_hall, gammafunk_ghost_split, uniq_eustachio
D:5:      layout_loops_corners, nicolae_stop_n_shop_2, uniq_ijyb, uniq_duvessa
D:6:      layout_loops_ring, serial_shops, shop, grunt_potential, uniq_maggie
D:7:      layout_basic, grunt_ministairs_14, kennysheep_flooded_box
D:8:      layout_loops_ring, nicolae_overflow_squiral, serial_shops, shop,
          nicolae_shop_waterfront, uniq_prince_ribbit1
D:9:      minmay_ornate_pinched, layout_grid_maze, vehumet_altar_wand_db,
          st_stairs_13, nicolae_shop_clearance
D:10:     layout_irregular_city, minmay_lair_entry_grove,
          lightli_fourway_metalbox
D:11:     layout_basic, uniq_fannar
D:12:     layout_loops_cross, hiddenorc1_lemuel, serial_shops,
          nicolae_shop_crystal, nemelex_lonely_heart_becter
D:13:     layout_loops_cross, portal_ice_cave_entry_animals_and_master,
          uniq_erolcha
D:14:     layout_gridville, hangedman_vaults_entry_quadrant_bands, hex_medium
D:15:     grunt_enter_depths_magical_seal, layout_irregular_city,
          hangedman_decor_diamond_cutter
Temple:   mainiacjoe_temple_bowtie_tessellation
Lair:1:   layout_hall_layers, nicolae_quartered_pool_impasse
Lair:2:   layout_regular_city, elwin_shoals_entry_rocks,
          nicolae_spider_entry_tight_spaces, nzn_ghost_randoct
Lair:3:   layout_misc_corridors, serial_bayou_pond_d, lemuel_fruit_tree,
          lemuel_fruit_fields, uniq_gastronok
Lair:4:   layout_big_grid
Lair:5:   layout_hall_layers, gammafunk_ghost_icy, infiniplex_staircase_pool
Lair:6:   hangedman_lair_caniforms_friends, layout_misc_corridors,
          slime_altar_2, grunt_megastairs_2, uniq_snorg
Orc:1:    layout_caves, enter_bailey_5, basic_altar
Orc:2:    grunt_orc_tribal_feast, layout_caves, nicolae_shop_gadgets
Abyss:2:  base: Lair:2, evilmike_abyss_exit_7

Skill      XL: |  1  2  3  4  5  6  7  8  9 10 11 12 13 14 15 16 |
---------------+-------------------------------------------------+-----
Transmutations | 2 3 4 5 6 7 8 9 |  9.3
Spellcasting   | 5 6 7 8 9 10 11 | 11.8
Invocations    | 1 2 3 4 5 6 7 8 9 10 11 | 11.7
Fighting       | 1 2 3 4 5 6 7 8 9 10 | 10.8
Short Blades   | 1 2 3 4 5 6 7 8 9 10 | 10.8
Long Blades    | 1 2 3 4 5 6 7 8 9 10 | 10.8
Axes           | 1 2 3 4 5 6 7 8 9 10 | 10.8
Maces & Flails | 1 2 3 4 5 6 7 8 9 10 | 10.8
Polearms       | 1 2 3 4 5 6 7 8 9 10 | 10.8
Staves         | 1 2 3 4 5 6 7 8 9 10 | 10.8
Slings         | 1 2 3 4 5 6 7 8 9 10 | 10.8
Bows           | 1 2 3 4 5 6 7 8 9 10 | 10.8
Crossbows      | 1 2 3 4 5 6 7 8 9 10 | 10.8
Throwing       | 1 2 3 4 5 6 7 8 9 10 | 10.8
Armour         | 1 2 3 4 5 6 7 8 9 10 | 10.8
Shields        | 1 2 3 4 5 6 7 8 9 10 | 10.8
Unarmed Combat | 1 2 3 4 5 6 7 8 9 10 | 10.8
Evocations     | 1 2 3 4 5 6 7 8 9 10 | 10.8
Conjurations   | 1 2 3 4 5 6 7 8 9 |  9.0
Hexes          | 1 2 3 4 5 6 7 8 9 |  9.0
Summonings     | 1 2 3 4 5 6 7 8 9 |  9.0
Necromancy     | 1 2 3 4 5 6 7 8 9 |  9.0
Translocations | 1 2 3 4 5 6 7 8 9 |  9.0
Fire Magic     | 1 2 3 4 5 6 7 8 9 |  9.0
Ice Magic      | 1 2 3 4 5 6 7 8 9 |  9.0
Air Magic      | 1 2 3 4 5 6 7 8 9 |  9.0
Poison Magic   | 1 2 3 4 5 6 7 8 9 |  9.0
Dodging        | 5 6 7 8 9 10 11 | 11.7
Stealth        | 5 6 7 8 9 10 11 | 11.5
Earth Magic    | 6 7 8 9 10 | 10.6

Action                   |  1- 3 |  4- 6 |  7- 9 | 10-12 | 13-15 | 16-18 || total
-------------------------+-------+-------+-------+-------+-------+-------++-------
Melee: Unarmed           |    27 |       |       |       |       |       ||    27
       Staff             |    12 |    20 |   220 |   330 |  1124 |    96 ||  1802
       Bite              |    13 |     6 |    31 |    63 |   158 |    13 ||   284
       Dagger            |    49 |    53 |       |     5 |       |       ||   107
       Punch             |       |     1 |     1 |       |       |       ||     2
       Short sword       |       |       |       |   176 |    90 |    46 ||   312
 Fire: Hunting sling     |       |       |     4 |       |       |       ||     4
Throw: Javelin           |       |    14 |       |     4 |       |       ||    18
 Cast: Sandblast         |    29 |    18 |    25 |     3 |    52 |    11 ||   138
       Petrify           |       |       |    21 |    97 |   246 |    42 ||   406
       Stone Arrow       |       |       |       |     8 |     3 |       ||    11
       Tukima's Dance    |       |       |       |     3 |       |       ||     3
       Cause Fear        |       |       |       |     1 |     1 |       ||     2
       Manifold Assault  |       |       |       |       |    41 |     2 ||    43
       Passage of Golubr |       |       |       |       |     1 |       ||     1
       Statue Form       |       |       |       |       |     2 |       ||     2
Invok: Ancestor Identity |       |       |     1 |       |       |       ||     1
       Ancestor Life: Kn |       |       |       |     1 |       |       ||     1
       Idealise          |       |       |       |       |     6 |     4 ||    10
       Recall Ancestor   |       |       |       |       |     1 |     2 ||     3
Evoke: Wand              |       |     4 |    14 |    11 |     3 |     4 ||    36
  Use: Potion            |       |       |     4 |     5 |    13 |     3 ||    25
       Scroll            |       |       |    10 |    13 |    14 |     3 ||    40
 Stab: Sleeping          |     6 |     3 |     4 |     9 |     7 |       ||    29
       Petrified         |       |       |    32 |    86 |   217 |    21 ||   356
       Petrifying        |       |       |     2 |     7 |    30 |     3 ||    42
       Distracted        |       |       |       |     3 |     5 |     1 ||     9
Armor: Leather armour    |    32 |    26 |    61 |       |       |       ||   119
       Ring mail         |       |       |    24 |       |       |       ||    24
       Steam dragon scal |       |       |    14 |   167 |   311 |     7 ||   499
       Skin              |       |       |       |    27 |   101 |       ||   128
       Fire dragon scale |       |       |       |       |       |    66 ||    66
Dodge: Dodged            |    57 |    46 |   150 |   298 |   646 |    74 ||  1271
Block: Buckler           |       |       |       |    84 |   355 |    53 ||   492

Table legend: (Time is in decaauts)
 A = Elapsed time spent in this place.
 B = Non-inter-level travel time spent in this place.
 C = Inter-level travel time spent in this place.
 D = Time resting spent in this place.
 E = Time spent auto-exploring this place.
 F = Levels seen in this place.
 G = Mean time per level.
                   A        B        C        D        E       F      G
               +--------+--------+--------+--------+--------+-----+--------+
         Total |  35454 |  34482 |    972 |   9331 |  15587 |  25 | 1418.2 |
       Dungeon |  20570 |  19934 |    636 |   4217 |  10488 |  15 | 1371.3 |
        Temple |    104 |     65 |     39 |      0 |     38 |   1 |  104.0 |
          Lair |  11502 |  11253 |    249 |   3916 |   4434 |   6 | 1917.0 |
  Orcish Mines |   3024 |   2976 |     48 |   1142 |    607 |   2 | 1512.0 |
         Abyss |    252 |    252 |      0 |     55 |     20 |   1 |  252.0 |
               +--------+--------+--------+--------+--------+-----+--------+

Top non-repeatable levels by time:
  Lair:6: 2820 daAuts
  Lair:2: 2561 daAuts
  Lair:5: 2537 daAuts
     D:2: 2212 daAuts
    D:14: 2080 daAuts
   Orc:1: 1778 daAuts
    D:12: 1735 daAuts
     D:6: 1715 daAuts
  Lair:3: 1406 daAuts
     D:9: 1350 daAuts
     D:4: 1299 daAuts
    D:11: 1276 daAuts
     D:1: 1269 daAuts
    D:10: 1253 daAuts
   Orc:2: 1246 daAuts
